 Dungeon Sprint DCSS version 0.29-a0-542-g075992c915 (webtiles) character file.

Game seed: 4913955449827666967

278 purpskrrrp the Fighter (level 8, -7/127 HPs)
             Began as a Demonspawn Monk on June 4, 2022.
             Was an Initiate of Yredelemnul.
             Mangled by a giant anaconda (12 damage)
             ... in the Dungeon (Sprint VI: "Thunderdome").
             The game lasted 00:27:55 (757 turns).

purpskrrrp the Fighter (Demonspawn Monk)             Turns: 757, Time: 00:27:56

Health: -7/127     AC:  6    Str: 12    XL:     8   Next: 1%
Magic:  8/8        EV: 12    Int: 11    God:    Yredelemnul [......]
Gold:   353        SH:  0    Dex: 18    Spells: 7/7 levels left

rFire   . . .      SeeInvis +     - Unarmed
rCold   . . .      Faith    +   (no shield)
rNeg    . . .      Spirit   .   o - +0 ring mail
rPois   +          Reflect  .   (no helmet)
rElec   +          Harm     .   (no cloak)
rCorr   +          Rampage  .   (gloves unavailable)
Will    +++..      NoTele   +   (no boots)
Stlth   ..........              p - amulet of Prescription {Faith Will++}
HPRegen 0.31/turn               c - ring "Pyibo" {rElec Will+ rCorr Slay+2}
MPRegen 0.11/turn               k - ring "Eris" {rPois SInv}

@: berserking, constricted, very quick
A: claws 3, powered by death 1, sharp scales 1, see invisible, robust 2
a: Renounce Religion, Recall Undead Harvest


You were in the Dungeon.
You worshipped Yredelemnul.
Yredelemnul was noncommittal.
You visited 1 branch You collected 600 gold pieces.
You spent 247 gold pieces at shops.

Inventory:

Hand Weapons
 a - a +0 hand axe
 n - a +0 short sword
Armour
 b - a +0 robe
 o - a +0 ring mail (worn)
Jewellery
 c - the ring "Pyibo" (left claw) {rElec Will+ rCorr Slay+2}
   (You bought it in a shop in the Dungeon)

   [ring of resist corrosion]

   Slay:      It affects your accuracy & damage with ranged weapons and melee
   (+2).
   rElec:     It insulates you from electricity.
   rCorr:     It protects you from acid and corrosion.
   Will:      It increases your willpower.
 k - the ring "Eris" (right claw) {rPois SInv}
   (You bought it in a shop in the Dungeon)

   [ring of see invisible]

   rPois:     It protects you from poison.
   SInv:      It lets you see invisible.
 p - the amulet of Prescription (around neck) {Faith Will++}
   (You bought it in a shop in the Dungeon)

   [amulet of faith]

   It allows you to gain divine favour quickly.
   Will:      It greatly increases your willpower.
Wands
 l - a wand of iceblast (3) (quivered)
Scrolls
 i - 4 scrolls of blinking
 m - 3 scrolls of fog
Potions
 d - a potion of curing
 e - 4 potions of heal wounds
 f - 4 potions of haste
 g - 2 potions of magic
 j - a potion of resistance
 q - a potion of mutation


   Skills:
 + Level 9.2 Fighting
 - Level 9.1 Axes
 + Level 3.1 Armour
 + Level 8.6 Dodging
 + Level 5.0 Stealth
 + Level 3.6 Unarmed Combat
 + Level 0.3 Invocations
 + Level 3.2 Evocations


You had 7 spell levels left.
You didn't know any spells.
Your spell library was empty.

Dungeon Overview and Level Annotations

Branches:
Dungeon (1/1)

Altars:
Cheibriados
Dithmenos
Fedhas
Gozag
Kikubaaqudgha
Makhleb
Okawaru
Qazlal
Ru
Sif Muna
Trog
Uskayaw
Vehumet
Wu Jian
Xom
Yredelemnul
Zin
The Shining One
Beogh
Lugonu

Shops:
D *[??*?*:[((!!!!


Innate Abilities, Weirdness & Mutations

You have claws for hands.
You regenerate a little health from kills.
You are partially covered in razor-sharp scales. (AC +1, Slay +1)
You have supernaturally acute eyesight. (SInv)
You are very robust. (+20% HP)


Message History

You feel yourself moving faster!
You feel mighty! The giant anaconda bites you!
The giant anaconda constricts you.
You miss the giant anaconda.
The giant anaconda is lightly wounded.
The giant anaconda bites you. The giant anaconda constricts you.
The giant anaconda bites you! The giant anaconda constricts you.
You barely miss the giant anaconda.
The giant anaconda is lightly wounded.
The giant anaconda misses you. The giant anaconda constricts you.
You claw the giant anaconda!
The giant anaconda is moderately wounded.
The giant anaconda closely misses you. The giant anaconda constricts you.
You claw the giant anaconda!
The giant anaconda is moderately wounded.
The giant anaconda bites you!
* * * LOW HITPOINT WARNING * * *
The giant anaconda constricts you.
* * * LOW HITPOINT WARNING * * *
You barely miss the giant anaconda.
The giant anaconda is moderately wounded.
The giant anaconda bites you!
* * * LOW HITPOINT WARNING * * *
The giant anaconda constricts you.
* * * LOW HITPOINT WARNING * * *
The giant anaconda bites you!
* * * LOW HITPOINT WARNING * * *
The giant anaconda constricts you.
* * * LOW HITPOINT WARNING * * *
You are too berserk!
You miss the giant anaconda.
The giant anaconda is moderately wounded.
The giant anaconda closely misses you. The giant anaconda constricts you.
* * * LOW HITPOINT WARNING * * *
You miss the giant anaconda.
The giant anaconda is moderately wounded.
You closely miss the giant anaconda.
The giant anaconda is moderately wounded.
The giant anaconda bites you!
You die...
Your body rises from the dead as a mindless zombie.

##### ##⌠⌠⌠## #.....#
##.....## ##∩S@...∩##
#∩.......∩# #........_#
#_......._# #_......._#
###.........###
#⌠...........⌠#
######.8.........8.######
##.___......###......___∩##


You could see a giant anaconda.

Vanquished Creatures
  A shining eye (D)
  3 floating eyes (D)
  A scorpion (D)
  A hound (D)
  3 jellies (D)
  A hell rat (D)
  A river rat (D)
  An adder (D)
  A bat zombie (D)
  5 endoplasms (D)
18 creatures vanquished.

Vanquished Creatures (collateral kills)
  A jelly (D)
  A hell rat (D)
  Terence (D)
  A river rat (D)
  A hobgoblin (D)
  A rat (D)
6 creatures vanquished.

Vanquished Creatures (others)
  2 adder zombies (D)
  A bat zombie (D)
  A human zombie (D)
  An endoplasm zombie (D)
  2 jackal zombies (D)
7 creatures vanquished.

Grand Total: 31 creatures vanquished

Notes
Turn   | Place    | Note
-------+----------+-------------------------------------------
     0 | D        | purpskrrrp the Demonspawn Monk began the quest for the Orb.
     0 | D        | Reached XP level 1. HP: 18/18 MP: 1/1
     1 | D        | Found a basalt altar of Yredelemnul.
     2 | D        | Found an ancient bone altar of Kikubaaqudgha.
     2 | D        | Found a sacrificial altar of Ru.
     3 | D        | Found a shadowy altar of Dithmenos.
     4 | D        | Found Kuneri's Do-It-Yourself Clinic.
     4 | D        | Found a shimmering blue altar of Sif Muna.
     4 | D        | Found a radiant altar of Vehumet.
     4 | D        | Found Hecoy's Distillery.
     5 | D        | Found a burning altar of Makhleb.
     5 | D        | Found a hide-covered altar of Uskayaw.
     5 | D        | Found Ukkapih's Weapon Rack.
     5 | D        | Found Qelig's Premium Goods.
     5 | D        | Round 1.
     6 | D        | Found Aruah's Basic Armour.
     6 | D        | Found Ogur's Miscellaneous Merchandise.
    11 | D        | Became a worshipper of Yredelemnul the Dark
    11 | D        | Reached * piety under Yredelemnul
    11 | D        | Reached ** piety under Yredelemnul
    16 | D        | Noticed a hell rat
    19 | D        | Found a shimmering altar of Xom.
    20 | D        | Found an ornate altar of the Wu Jian Council.
    21 | D        | Found Featit's Identification Station.
    27 | D        | Killed a hell rat
    28 | D        | Gained mutation: You have sharp fingernails. [demonic
                  | ancestry]
    28 | D        | Reached XP level 2. HP: 25/25 MP: 2/2
    48 | D        | Found Feph's Advanced Armour.
    48 | D        | Found Zotuch's Jewellery.
    49 | D        | Found a stormy altar of Qazlal.
    49 | D        | Found a corrupted altar of Lugonu.
    49 | D        | Found a blossoming altar of Fedhas.
    67 | D        | Found an opulent altar of Gozag.
    71 | D        | Found an iron altar of Okawaru.
    71 | D        | Found Niureg's Magic Scroll Shop.
    71 | D        | Found Dops's Magic Scroll Shop.
    72 | D        | Found Jimamneh's Must-Have Magic.
    78 | D        | Found Duqeigik's Staff Store.
    78 | D        | Found a snail-covered altar of Cheibriados.
    78 | D        | Found a bloodstained altar of Trog.
    93 | D        | Found Osiwig's Distillery.
    94 | D        | Found Huomysaa's Bottled Wisdom.
   103 | D        | Reached XP level 3. HP: 23/31 MP: 3/3
   175 | D        | Reached skill level 5 in Fighting
   177 | D        | Arena points: 12 (+12) [x2]
   196 | D        | Round 2.
   210 | D        | Noticed Terence
   221 | D        | Killed Terence
   222 | D        | Reached skill level 5 in Axes
   222 | D        | Reached skill level 5 in Dodging
   222 | D        | Gained mutation: You have very sharp fingernails. [demonic
                  | ancestry]
   222 | D        | Reached XP level 4. HP: 29/39 MP: 4/4
   231 | D        | Noticed a scorpion
   254 | D        | Killed a scorpion
   255 | D        | Reached skill level 1 in Evocations
   255 | D        | Gained mutation: You are partially covered in razor-sharp
                  | scales. (AC +1, Slay +1) [demonic ancestry]
   255 | D        | Reached XP level 5. HP: 23/47 MP: 5/5
   263 | D        | Your ally Terence died
   296 | D        | Arena points: 54 (+42) [x3]
   352 | D        | Round 3.
   362 | D        | Noticed a floating eye
   372 | D        | Killed a floating eye
   373 | D        | Reached skill level 1 in Armour
   373 | D        | Gained mutation: You have claws for hands. [demonic
                  | ancestry]
   373 | D        | Reached XP level 6. HP: 39/55 MP: 6/6
   402 | D        | Bought a shimmering turquoise ring for 45 gold pieces
   402 | D        | Identified the ring "Pyibo" {rElec Will+ rCorr Slay+2} (You
                  | bought it in a shop in the Dungeon)
   402 | D        | Bought a brightly glowing golden ring for 45 gold pieces
   402 | D        | Identified the ring "Eris" {rPois SInv} (You bought it in a
                  | shop in the Dungeon)
   402 | D        | Bought a brightly glowing ruby amulet for 45 gold pieces
   402 | D        | Identified the amulet of Prescription {Faith Will++} (You
                  | bought it in a shop in the Dungeon)
   473 | D        | Noticed a floating eye
   478 | D        | Killed a floating eye
   479 | D        | Reached skill level 1 in Unarmed Combat
   487 | D        | Bought 2 potions of mutation for 112 gold pieces
   487 | D        | Gained mutation: You are robust. (+10% HP) [potion of
                  | mutation]
   487 | D        | Gained mutation: You have supernaturally acute eyesight.
                  | (SInv) [potion of mutation]
   487 | D        | Gained mutation: You are very robust. (+20% HP) [potion of
                  | mutation]
   506 | D        | Arena points: 138 (+84) [x4]
   554 | D        | Round 4.
   560 | D        | Noticed a floating eye
   562 | D        | Noticed a shining eye
   563 | D        | Paralysed by a floating eye for 3 turns
   568 | D        | Killed a floating eye
   569 | D        | Gained mutation: You regenerate a little health from kills.
                  | [demonic ancestry]
   569 | D        | Reached XP level 7. HP: 68/75 MP: 7/7
   579 | D        | Killed a shining eye
   668 | D        | Arena points: 278 (+140) [x5]
   669 | D        | Reached skill level 5 in Stealth
   669 | D        | Reached XP level 8. HP: 82/85 MP: 8/8
   740 | D        | Round 5.
   742 | D        | Noticed a giant anaconda
   755 | D        | HP: 4/127 [constriction (3)]
   757 | D        | Mangled by a giant anaconda

Illustrated notes

Levels and vault maps discovered:
D:        arena_sprint

Skill      XL: |  1  2  3  4  5  6  7 |
---------------+----------------------+-----
Fighting       | 4 5 6 7 8 9 |  9.2
Axes           | 3 4 5 7 8 9 |  9.1
Dodging        | 3 4 5 6 7 8 |  8.6
Stealth        | 2 3 4 5 |  5.0
Evocations     | 1 2 3 |  3.2
Armour         | 1 2 3 |  3.1
Unarmed Combat | 1 3 |  3.6
Invocations    | |  0.3

Action                   |  1- 3 |  4- 6 |  7- 9 || total
-------------------------+-------+-------+-------++-------
Melee: Hand axe          |    23 |    17 |       ||    40
       Unarmed           |       |    13 |    29 ||    42
Invok: Dark Bargain      |       |       |     1 ||     1
Evoke: Wand              |     3 |     4 |       ||     7
  Use: Potion            |     1 |     2 |     1 ||     4
 Stab: Distracted        |       |     2 |       ||     2
Armor: Robe              |     1 |       |       ||     1
       Ring mail         |       |     7 |     1 ||     8
Dodge: Dodged            |    15 |    12 |    11 ||    38

Table legend: (Time is in decaauts)
 A = Elapsed time spent in this place.
 B = Non-inter-level travel time spent in this place.
 C = Inter-level travel time spent in this place.
 D = Time resting spent in this place.
 E = Time spent auto-exploring this place.
 F = Levels seen in this place.
 G = Mean time per level.
                   A        B        C        D        E       F      G
               +--------+--------+--------+--------+--------+-----+--------+
         Total |    753 |    611 |    142 |    298 |     65 |   1 |  753.0 |
       Dungeon |    753 |    611 |    142 |    298 |     65 |   1 |  753.0 |
               +--------+--------+--------+--------+--------+-----+--------+

Top non-repeatable levels by time:
       D: 753 daAuts
